 Dungeon Crawl Stone Soup version 0.29-a0-207-gf982a884d8 (webtiles) character file.

Game seed: 16984759002848510339

2 Zeldest the Sneak (level 1, -4/18 HPs)
             Began as a Demonspawn Delver on Feb 23, 2022.
             Slain by a river rat (6 damage)
             ... in a sewer.
             The game lasted 00:00:38 (299 turns).

Zeldest the Sneak (Demonspawn Delver)                Turns: 299, Time: 00:00:39

Health: -4/18      AC:  3    Str: 12    XL:     1   Next: 33%
Magic:  1/1        EV: 11    Int: 11    God:
Gold:   0          SH:  0    Dex: 14    Spells: 0/0 levels left

rFire   . . .      SeeInvis .     - Unarmed
rCold   . . .      Faith    .   (no shield)
rNeg    . . .      Spirit   .   a - +0 leather armour
rPois   .          Reflect  .   (no helmet)
rElec   .          Harm     .   (no cloak)
rCorr   .          Rampage  .   (no gloves)
Will    .....                   (no boots)
Stlth   ++........              (no amulet)
HPRegen 0.06/turn               (no ring)
MPRegen 0.07/turn               (no ring)

@: hasted, very quick
A: no striking features
a: no special abilities


You were in a sewer.
You visited 1 branch of the dungeon, and saw 1 of its levels.
You also visited: Sewer.

Inventory:

Armour
 a - a +0 leather armour (worn)
Wands
 f - a wand of digging (3)
Scrolls
 b - a scroll of fog
 c - a scroll of magic mapping
 d - a scroll of fear
 g - a scroll of identify {unknown}
Potions
 h - a potion of attraction {unknown}


   Skills:
 + Level 3.0 Fighting
 + Level 1.8 Dodging
 - Level 4.5 Stealth
 + Level 1.8 Unarmed Combat


You couldn't memorise any spells.
You didn't know any spells.
Your spell library was empty.

Dungeon Overview and Level Annotations

Branches:
Dungeon (5/15)              Sewer (1/1)
 Temple: D:4-7

Altars:


Message History

A rat and a river rat come into view.
A rat and a ball python come into view.
You see here a rat corpse.
You hit the river rat but do no damage.
The river rat bites you but does no damage.
You barely miss the river rat. The river rat misses you.
Okay, then.
You hit the river rat.
The river rat is lightly wounded.
The river rat bites you.
You hit the river rat but do no damage.
The river rat is lightly wounded.
The river rat bites you.
You completely miss the river rat.
The river rat is lightly wounded.
The river rat misses you.
You feel yourself speed up. The river rat barely misses you.
You hit the river rat but do no damage.
The river rat is lightly wounded.
You hit the river rat but do no damage.
The river rat is lightly wounded.
The river rat closely misses you.
You hit the river rat but do no damage.
The river rat is lightly wounded.
The river rat bites you.
* * * LOW HITPOINT WARNING * * *
You closely miss the river rat.
The river rat is lightly wounded.
You closely miss the river rat.
The river rat is lightly wounded.
The river rat barely misses you.
You hit the river rat.
The river rat is lightly wounded.
The river rat misses you.
You hit the river rat.
The river rat is moderately wounded.
You hit the river rat.
The river rat is heavily wounded.
The river rat bites you.
You die...

#≈≈≈≈≈≈#
#≈≈≈≈≈≈#
#≈≈≈≈≈≈#
#≈≈≈≈≈≈#
#≈≈≈≈≈≈#
#≈≈≈≈≈≈#
#≈.≈≈≈≈#
#≈≈≈≈≈≈#
#≈≈≈≈@≈#
#≈≈≈†r≈#
#≈≈≈≈≈≈#
#≈≈≈≈≈≈#
#≈≈≈≈≈≈#
#≈≈≈≈≈≈#
#.≈≈≈≈##
#......
##......


You could see a river rat.

Vanquished Creatures
  A ball python (D:5)
  3 rats
4 creatures vanquished.

Vanquished Creatures (others)
  3 plants (D:5)
3 creatures vanquished.

Grand Total: 7 creatures vanquished

Notes
Turn   | Place    | Note
-------+----------+-------------------------------------------
     0 | D:5      | Zeldest the Demonspawn Delver began the quest for the Orb.
     0 | D:5      | Reached XP level 1. HP: 18/18 MP: 1/1
    10 | D:5      | Found a glowing drain.
    32 | Sewer    | Entered a sewer
   299 | Sewer    | Slain by a river rat

Illustrated notes

Levels and vault maps discovered:
D:5:      layout_basic, nicolae_hepliaklqana_hippocampus, minitemple,
          minmay_temple_entry_junction, portal_sewer_entry_a, serial_shops,
          shop_statue, serial_bayou, serial_bayou_shore_b,
          serial_bayou_lagoon_a, serial_bayou_lake_a, serial_bayou_pond_b,
          uniq_duvessa
Sewer:    sewer_minmay_w

Action                   || total
-------------------------++-------
Melee: Unarmed           ||    27
       Punch             ||     1
  Use: Potion            ||     1
 Stab: Sleeping          ||     1
Armor: Leather armour    ||     8
Dodge: Dodged            ||    19

Table legend: (Time is in decaauts)
 A = Elapsed time spent in this place.
 B = Non-inter-level travel time spent in this place.
 C = Inter-level travel time spent in this place.
 D = Time resting spent in this place.
 E = Time spent auto-exploring this place.
 F = Levels seen in this place.
 G = Mean time per level.
                   A        B        C        D        E       F      G
               +--------+--------+--------+--------+--------+-----+--------+
         Total |    309 |    309 |      0 |    217 |      0 |   2 |  154.5 |
       Dungeon |     32 |     32 |      0 |      0 |      0 |   1 |   32.0 |
         Sewer |    276 |    276 |      0 |    217 |      0 |   1 |  276.0 |
               +--------+--------+--------+--------+--------+-----+--------+

Top non-repeatable levels by time:
   Sewer: 276 daAuts
     D:5: 32 daAuts
